 Dungeon Crawl Stone Soup version 0.29.1-15-g9cfb28693d (webtiles) character file.

Game seed: 707043120088432548

65 DemonSlayer the Digger (level 3, -9/24 HPs)
             Began as a Demonspawn Earth Elementalist on Mar 9, 2023.
             Mangled by a gnoll
             ... wielding a +0 flail
              (12 damage)
             ... on level 2 of the Dungeon.
             The game lasted 00:01:39 (1311 turns).

DemonSlayer the Digger (DsEE)                       Turns: 1311, Time: 00:01:40

Health: -9/24      AC:  2    Str:  8    XL:     3   Next: 94%
Magic:  3/7        EV: 12    Int: 16    God:
Gold:   41         SH:  0    Dex: 15    Spells: 6/7 levels left

rFire   . . .      SeeInvis .   e - +0 dagger
rCold   . . .      Faith    .   (no shield)
rNeg    . . .      Spirit   .   a - +0 robe
rPois   .          Reflect  .   (no helmet)
rElec   .          Harm     .   (no cloak)
rCorr   .          Rampage  .   (no gloves)
Will    .....                   (no boots)
Stlth   ++........              (no amulet)
HPRegen 0.08/turn               (no ring)
MPRegen 0.10/turn               (no ring)

@: no status effects
A: powered by pain 1
a: no special abilities


You were on level 2 of the Dungeon.
You visited 1 branch of the dungeon, and saw 2 of its levels.

You collected 41 gold pieces.

Inventory:

Hand Weapons
 e - a +0 dagger (weapon)
Armour
 a - a +0 robe (worn)
Scrolls
 d - a scroll of teleportation
 h - 3 scrolls of enchant weapon {unknown}
Potions
 b - a potion of magic
 c - a potion of attraction {unknown}
 f - a potion of flight {unknown}
 g - a potion of resistance {unknown}


   Skills:
 + Level 1.8 Dodging
 + Level 2.3 Stealth
 + Level 2.8 Spellcasting
 + Level 0.8 Transmutations
 + Level 3.5 Earth Magic


You had 6 spell levels left.
You knew the following spells:

 Your Spells              Type           Power      Damage    Failure   Level
a - Sandblast             Erth           26%        2d8       4%          1

Your spell library contained the following spells:

 Spells                   Type           Power      Damage    Failure   Level
 Passwall                 Tmut/Erth      7%         N/A       12%         2
 Stone Arrow              Conj/Erth      14%        3d7       28%         3
 Petrify                  Tmut/Erth      9%         N/A       58%         4


Dungeon Overview and Level Annotations

Branches:
Dungeon (2/15)

Altars:


Innate Abilities, Weirdness & Mutations

You sometimes gain a little power by taking damage.


Message History

Found a stone staircase leading down.
You now have 41 gold pieces (gained 11).
You see here a staff of fire.
You see here a staff of fire.
h - 3 scrolls labelled FOCSERRAKHLA An endoplasm, a goblin and a gnoll come into view.
Found a short sword.
The gnoll shouts!
The endoplasm quivers.
A gnoll comes into view. It is wielding a +0 spear.
The blast of sand hits the endoplasm.
You kill the endoplasm!
The gnoll shouts!
You hear a shout!
You hear an angry hiss.
The goblin shouts!
A gnoll comes into view. It is wielding a +0 flail.
The blast of sand misses the goblin.
A ball python comes into view.
The ball python moves out of view.
The blast of sand hits the goblin!
You kill the goblin!
A dart slug comes into view.
The blast of sand hits the gnoll.
The gnoll is heavily wounded.
The gnoll hits you from afar with a +0 spear. x2
A rat comes into view.
The blast of sand misses the gnoll.
The blast of sand hits the gnoll.
The gnoll is lightly wounded.
The gnoll closely misses you.
The blast of sand hits the ball python!
You kill the ball python!
The gnoll barely misses you.
The gnoll hits you from afar with a +0 spear.
The gnoll attacks as you move away! The gnoll hits you with a +0 flail!
* * * LOW HITPOINT WARNING * * *
The gnoll attacks as you move away! The gnoll hits you with a +0 flail.
* * * LOW HITPOINT WARNING * * *
The gnoll attacks as you move away! The gnoll closely misses you.
The gnoll attacks as you move away! The gnoll closely misses you.
The gnoll attacks as you move away! The gnoll hits you with a +0 flail!
Ouch! That really hurt!
You die...

############
#.@g.g.....########
#.########.w.......
#.# ####..#### #.#
##.# #.# #.# #.#
#.# #.# #.)wr...
##.# #..##..#..
#####..# #)# .#.. .


You could see 2 gnolls.

Vanquished Creatures
  3 gnolls (D:2)
  A dart slug (D:1)
  4 endoplasms
  A giant cockroach (D:1)
  6 goblins
  A hobgoblin (D:1)
  2 jackals (D:1)
  A quokka (D:1)
  5 ball pythons
  4 bats (D:1)
  2 kobolds (D:1)
  A rat (D:1)
31 creatures vanquished.

Notes
Turn   | Place    | Note
-------+----------+-------------------------------------------
     0 | D:1      | DemonSlayer the Demonspawn Earth Elementalist began the
                  | quest for the Orb.
     0 | D:1      | Reached XP level 1. HP: 13/13 MP: 3/3
   379 | D:1      | Reached skill level 3 in Earth Magic
   379 | D:1      | Gained mutation: You sometimes gain a little power by
                  | taking damage. [demonic ancestry]
   379 | D:1      | Reached XP level 2. HP: 19/19 MP: 3/5
   769 | D:1      | Reached XP level 3. HP: 21/24 MP: 2/6
  1151 | D:2      | Found a faded altar of an unknown god.
  1311 | D:2      | Mangled by a gnoll

Illustrated notes

Levels and vault maps discovered:
D:1:      wheals_arrival_linesprint, layout_basic
D:2:      layout_loops_ring, ebering_ecumenical_altar_hall,
          minmay_increasing_density

Skill      XL: |  1 |
---------------+----+-----
Stealth        | 2 |  2.3
Earth Magic    | 3 |  3.5
Dodging        | |  1.8
Spellcasting   | |  2.8
Transmutations | |  0.8

Action                   || total
-------------------------++-------
Melee: Dagger            ||     4
 Cast: Sandblast         ||    39
  Use: Scroll            ||     1
Armor: Robe              ||     2
Dodge: Dodged            ||    16
